Map: Orbital Shipyard

Players

Cereal

  • Race: Zerg Zerg
  • League: Master

Complain - Winner!

  • Race: Terran Terran
  • League: Master

VOD

Have the link to the VOD?

Description

Time

  • Played on: Nov. 19, 2015, 4:11 p.m.
  • Length: 9:21
Show
View Real Time Build Order
Export as new Build Order

Cereal Zerg 

Build Orders: Hatch First 

Get SALT Encoding   

  12  0:01  Drone  
  13  0:12  Overlord  
  13  0:18  Drone  
  14  0:30  Drone x2  
  14  0:35  Drone  
  17  0:45  Drone  
  18  0:56  Hatchery  
  17  0:58  Drone  
  18  1:06  Drone  
  18  1:09  Extractor  
  18  1:17  Drone  
  19  1:21  Spawning Pool  
  18  1:28  Drone  
  19  1:38  Drone  
  20  1:49  Overlord  
  20  2:08  Metabolic Boost, Queen  
  22  2:09  Queen  
  22  2:13  Zergling x4  
  26  2:17  Drone  
  26  2:20  Drone  
  28  2:23  Drone  
  28  2:29  Spore Crawler  
  28  2:35  Drone x2  
  30  2:39  Overlord  
  29  2:46  Queen  
  32  3:01  Hatchery  
  32  3:04  Drone  
  32  3:05  Drone x4  
  36  3:13  Drone  
  36  3:16  Drone  
  36  3:17  Drone x3  
  41  3:20  Spore Crawler  
  41  3:23  Drone  
  41  3:24  Drone  
  40  3:39  Drone x3, Extractor  
  40  3:40  Overlord x2, Extractor  
  42  3:54  Roach Warren  
  41  3:58  Drone x2  
  41  3:59  Drone x4  
  41  4:00  Drone  
  48  4:03  Overlord  
  48  4:16  Drone  
  49  4:17  Drone x2  
  51  4:35  Roach x3  
  51  4:36  Roach  
  51  4:37  Drone x4  
  51  4:38  Drone x2  
  65  4:40  Lair  
  65  4:42  Evolution Chamber  
  65  4:45  Evolution Chamber  
  63  4:49  Roach x2  
  63  4:50  Roach  
  65  4:53  Roach x2  
  67  5:05  Ravager x3  
  66  5:08  Zerg Missile Weapons Level 1  
  62  5:20  Roach x3  
  62  5:21  Roach x2  
  70  5:31  Overlord x3, Extractor  
  67  5:37  Glial Reconstitution  
  61  6:13  Roach x7  
  61  6:14  Roach x5  
  75  6:26  Roach  
  75  6:27  Roach, Queen  
  72  6:41  Zerg Ground Armor Level 1  
  72  6:46  Overlord  
  72  6:47  Spore Crawler  
  72  6:51  Overseer  
  72  6:52  Drone x3  
  72  6:53  Hatchery, Drone  
  74  6:58  Drone  
  75  7:05  Ravager  
  76  7:09  Ravager  
  76  7:11  Zergling x10  
  76  7:15  Drone  
  73  7:43  Roach x9  
  62  7:56  Roach  
  62  7:57  Roach x3  
  68  8:12  Roach  
  73  8:13  Roach x3  
  73  8:16  Drone x2  
  75  8:22  Spore Crawler  
  75  8:23  Drone  
  73  8:28  Roach x2  
  73  8:32  Roach  
  79  8:35  Ravager x2  
  81  8:48  Roach x4  
Show
View Real Time Build Order
Export as new Build Order

Complain Terran - Winner!

Build Orders: Reaper Expand, MMM Bio 

Get SALT Encoding   

  12  0:01  SCV  
  13  0:13  SCV  
  14  0:17  Supply Depot  
  14  0:25  SCV  
  15  0:39  SCV  
  15  0:40  Barracks  
  16  0:44  Refinery  
  16  0:51  SCV  
  17  1:03  SCV  
  18  1:15  SCV  
  19  1:27  Reaper  
  19  1:28  Orbital Command  
  20  1:41  Command Center  
  20  1:52  Supply Depot  
  20  1:53  SCV  
  21  2:04  Barracks Reactor  
  21  2:06  SCV  
  21  2:07  Refinery  
  22  2:18  SCV  
  23  2:24  Factory  
  23  2:30  SCV  
  24  2:41  Marine x2  
  24  2:42  SCV  
  27  2:53  Orbital Command  
  27  2:54  SCV  
  28  2:59  Marine x2  
  30  3:06  SCV  
  30  3:07  Starport  
  30  3:08  Widow Mine  
  33  3:17  Marine x2  
  33  3:18  SCV  
  36  3:20  SCV  
  37  3:30  SCV  
  37  3:33  SCV  
  39  3:39  Supply Depot  
  38  3:42  SCV  
  38  3:44  Medivac  
  38  3:45  SCV  
  38  3:46  Hellion x2  
  38  3:47  Supply Depot  
  46  3:49  Barracks Tech Lab  
  46  4:01  SCV x2  
  48  4:04  Supply Depot  
  48  4:08  Armory  
  48  4:09  Stimpack  
  50  4:10  Hellion x2  
  50  4:13  SCV x2, Liberator, Marauder  
  56  4:25  SCV x2  
  56  4:27  Supply Depot  
  63  4:31  Hellion x2  
  63  4:36  Marauder  
  63  4:37  SCV  
  63  4:38  SCV  
  69  4:49  SCV  
  69  4:50  SCV  
  73  4:53  Hellion x2  
  75  5:01  SCV  
  75  5:02  SCV  
  77  5:07  Supply Depot  
  77  5:08  Supply Depot, Marauder  
  77  5:10  Refinery, Engineering Bay  
  77  5:13  SCV  
  82  5:17  SCV  
  83  5:25  SCV  
  83  5:28  Starport Reactor  
  82  5:29  SCV  
  82  5:32  Command Center  
  82  5:34  Barracks  
  82  5:35  Barracks  
  79  5:37  Terran Infantry Weapons Level 1, SCV  
  79  5:41  SCV  
  82  5:50  SCV  
  82  5:51  Liberator x2  
  82  5:52  Barracks  
  82  5:53  SCV  
  82  5:54  Barracks  
  83  5:57  Factory Reactor  
  83  5:59  Marauder  
  83  6:01  Refinery  
  83  6:02  SCV  
  86  6:05  SCV  
  86  6:07  Supply Depot  
  90  6:14  SCV  
  90  6:17  SCV  
  88  6:20  Marauder  
  79  6:26  SCV  
  79  6:29  SCV  
  76  6:40  SCV  
  76  6:42  Barracks Reactor, Barracks Tech Lab  
  76  6:43  Combat Shields, Marauder  
  76  6:44  SCV  
  80  6:47  Orbital Command  
  80  6:49  Factory Tech Lab  
  80  6:52  Marine x2  
  80  6:53  Medivac  
  84  6:54  Marine x2  
  84  6:55  SCV  
  87  7:02  Medivac  
  87  7:04  Marine, Marauder  
  87  7:05  Bunker  
  87  7:06  SCV  
  93  7:10  Marine x2, Orbital Command  
  93  7:11  SCV  
  93  7:12  Marine x2  
  98  7:19  SCV  
  98  7:22  Marine x3  
  101  7:24  Medivac  
  101  7:25  Marine  
  101  7:28  Marine  
  105  7:32  Medivac  
  105  7:33  Marine x2  
  105  7:37  Marine  
  107  7:41  Marine  
  107  7:43  Marine  
  101  7:47  Marine x2  
  101  7:48  SCV x2  
  105  7:53  Marine x2  
  105  7:54  Medivac  
  105  7:55  Armory  
  105  7:56  Engineering Bay, Marine  
  110  7:59  Refinery, Marine x2  
  110  8:00  SCV  
  110  8:04  Refinery  
  113  8:06  Marauder  
  113  8:08  Supply Depot  
  113  8:10  Supply Depot, Marine  
  113  8:11  Marine  
  117  8:13  Marine  
  117  8:17  Marauder  
  117  8:18  Marine  
  117  8:27  SCV, Marine  
  117  8:30  Siege Tank  
  117  8:32  Supply Depot  
  117  8:34  Supply Depot  
  120  8:35  Marine x2  
  120  8:37  Marauder, Marine  
  120  8:38  Marine x2  
  125  8:42  Marauder  
  125  8:44  Marine  
  125  8:47  SCV x3  
  125  8:48  Medivac  
  125  8:53  Marine x2  
  125  8:54  Marine  
  115  8:58  Marauder  
  115  8:59  SCV x3  
  114  9:17  Supply Depot  
Tags
 
Add a new tag
Caveats
  • Supply blocks, unpowered buildings, or Contaminate may cause inaccurate times.
  • Supply counts are checked every 10 seconds.